 Dungeon Crawl Stone Soup version 0.32-a0-12-g7fc57aa741 (webtiles) character file.

Game seed: 12189760272255847335

170 cforsyth the Changeling (level 5, -1/53 HPs)
             Began as an Oni Shapeshifter on Jan 14, 2024.
             Slain by a gnoll sergeant
             ... wielding a +0 trident
              (9 damage)
             ... on level 3 of the Dungeon.
             The game lasted 00:05:14 (4137 turns).

cforsyth the Changeling (Oni Shapeshifter)          Turns: 4137, Time: 00:05:15

Health: -1/53      AC:  3    Str: 20    XL:     5   Next: 51%
Magic:  5/5        EV: 10    Int: 11    God:
Gold:   155        SH:  0    Dex: 14    Spells: 4/4 levels left

rFire   . .          .
                       - Unarmed
rCold   . . .        (no shield)
rNeg    . . .        a - +0 animal skin
rPois   .            (helmet currently unavailable)
rElec   .            (cloak currently unavailable)
rCorr   .            (gloves unavailable)
SInv    .            (boots unavailable)
Will    .....        (no amulet)
Stlth   +            n - +6 ring of dexterity
HPRegen 0.28/turn    (no ring)
MPRegen 0.09/turn

%: no passive effects
@: beast-form
A: beast (slay +2), large, unfitting armour, horns 1, tough skin 1, double
potion healing, drunken brawling
a: Begin Untransformation


You were on level 3 of the Dungeon.
You were a hulking beast.
You visited 1 branch of the dungeon, and saw 4 of its levels.

You collected 155 gold pieces.

Inventory:

Armour
 a - a +0 animal skin (worn)
Jewellery
 n - a +6 ring of dexterity (left hand)
Talismans
 c - a beast talisman
 d - a flux talisman
Wands
 p - a wand of digging (4)
Scrolls
 e - a scroll of identify {unknown}
 g - a scroll of fear {unknown}
 k - a scroll of poison {unknown}
 l - a scroll of vulnerability {unknown}
 m - a scroll of revelation {unknown}
Potions
 b - 2 potions of lignification
 f - a potion of degeneration {unknown}
 h - 2 potions of mutation {unknown}
 i - 3 potions of attraction {unknown}
 j - a potion of brilliance {unknown}
 o - a potion of heal wounds {unknown}


   Skills:
 + Level 3.5 Fighting
 + Level 2.9 Dodging
 + Level 3.5 Unarmed Combat
 + Level 3.8 Shapeshifting


You had 4 spell levels left.
You didn't know any spells.
Your spell library contained the following spells:

 Spells                   Type           Power      Damage    Failure   Level
 Static Discharge         Conj/Air       0%         3-3/arc   47%         2
 Airstrike                Air            0%         2d(0-16)  98%         4
 Summon Lightning Spire   Summ/Air       0%         N/A       98%         4


Dungeon Overview and Level Annotations

Branches:
Dungeon (4/15)
 Temple: D:4-7

Altars:
Gozag
Okawaru

Annotations:
D:3 3 runed translucent doors, zenocrate's ghost, amateur VSEn
D:4 1 transporter, Sigmund


Innate Abilities, Weirdness & Mutations

You are a hulking beast.
Your limbs bulge with bestial killing power. (Slay +2)
You are too large for most types of armour.
You have a pair of small horns on your head.
You have tough skin. (AC +1)
You gain doubled healing and magic from potions.
Whenever you drink a healing potion, you attack all around you.


Message History

You are too injured to fight recklessly!
You are too injured to fight recklessly!
You are too injured to fight recklessly!
You are too injured to fight recklessly!
You are too injured to fight recklessly!
You are too injured to fight recklessly!
You are too injured to fight recklessly!
You are too injured to fight recklessly!
You hit the gnoll sergeant.
Your headbutt misses the gnoll sergeant.
The gnoll sergeant is moderately wounded.
You hit the gnoll sergeant.
The gnoll sergeant is heavily wounded.
The gnoll sergeant hits you with a +0 trident!
You punch the gnoll sergeant!
The gnoll sergeant is severely wounded.
The gnoll sergeant hits you with a +0 trident.
You closely miss the gnoll sergeant.
The gnoll sergeant is severely wounded.
The gnoll sergeant hits you with a +0 trident.
* * * LOW HITPOINT WARNING * * *
You hit the gnoll sergeant but do no damage.
You punch the gnoll sergeant.
The gnoll sergeant is almost dead.
The gnoll sergeant barely misses you.
You closely miss the gnoll sergeant.
You headbutt the gnoll sergeant, but do no damage.
The gnoll sergeant is almost dead.
The gnoll sergeant hits you with a +0 trident.
* * * LOW HITPOINT WARNING * * *
You hit the gnoll sergeant but do no damage.
You headbutt the gnoll sergeant, but do no damage.
The gnoll sergeant is almost dead.
The gnoll sergeant hits you with a +0 trident.
* * * LOW HITPOINT WARNING * * *
You hit the gnoll sergeant but do no damage.
Your headbutt misses the gnoll sergeant.
The gnoll sergeant is almost dead.
The gnoll sergeant hits you with a +0 trident!
You die...

#.#.# #.#.#.....
#.#.# #.#.######
#.#.#####.#.......
#.#...............
#.#######.#.......
#.# #.#.###.#. #.#
#........#
#g#########.######
#h................
##################


You could see a gnoll sergeant.

Vanquished Creatures
  A howler monkey (D:3)
  Terence (D:3)
  A gnoll (D:3)
  4 adders
  A dart slug (D:2)
  4 orcs (D:3)
  8 ball pythons
  4 bats
  3 endoplasms
  4 giant cockroaches
  3 goblins
  3 hobgoblins
  5 kobolds
  2 quokkas (D:2)
  3 frilled lizards
  7 rats
54 creatures vanquished.

Notes
Turn   | Place    | Note
-------+----------+-------------------------------------------
     0 | D:1      | cforsyth the Oni Shapeshifter began the quest for the Orb.
     0 | D:1      | Reached XP level 1. HP: 19/19 MP: 1/1
   282 | D:1      | Reached XP level 2. HP: 28/28 MP: 2/2
  1091 | D:2      | Found a faded altar of an unknown god.
  1313 | D:2      | Reached XP level 3. HP: 35/35 MP: 3/3
  1738 | D:3      | Reached XP level 4. HP: 29/44 MP: 4/4
  1889 | D:3      | Found an opulent altar of Gozag.
  1928 | D:3      | Found an iron altar of Okawaru.
  2117 | D:3      | Reached XP level 5. HP: 34/53 MP: 5/5
  2321 | D:3      | Identified the +0 leather armour of Ihokia {Rampage Dex+4}
  2730 | D:3      | Noticed Terence
  2744 | D:3      | Killed Terence
  3009 | D:3      | Found a runed translucent gate.
  3009 | D:3      | Noticed zenocrate's ghost (amateur VSEn)
  3009 | D:3      | Identified the +2 hand axe of Jarehixt {protect, rPois rF+
                  | SInv Stlth-}
  3010 | D:3      | Found a runed translucent gate.
  3011 | D:3      | Found a runed translucent gate.
  3315 | D:4      | Noticed Sigmund
  3556 | D:4      | Found a transporter.
  4137 | D:3      | Slain by a gnoll sergeant

Illustrated notes

Levels and vault maps discovered:
D:1:      heliophobic_arrival_henge, layout_basic, serial_park_tiny_pond,
          minmay_tetromino_o4
D:2:      layout_basic, hellmonk_ecumenical_altar_inner_sanctum
D:3:      minmay_recursive_quarters, layout_basic,
          hellmonk_okawaru_the_only_friend_you_need,
          mainiacjoe_overflow_brackets, biasface_ghost_orc_armoury, uniq_terence
D:4:      gammafunk_wand_slinger, layout_basic,
          lemuel_zombie_altar_kikubaaqudgha, wad_woods_river_04, uniq_sigmund

Skill      XL: |  1  2  3  4 |
---------------+-------------+-----
Dodging        | 2 |  2.9
Fighting       | 2 3 |  3.5
Unarmed Combat | 3 |  3.5
Shapeshifting  | |  3.8

Action                     |  1- 3 |  4- 6 || total
---------------------------+-------+-------++-------
  Melee: Unarmed           |    74 |    95 ||   169
         Headbutt          |     8 |    15 ||    23
         Punch             |       |     4 ||     4
   Stab: Sleeping          |       |     1 ||     1
 Armour: Animal skin       |    45 |    63 ||   108
  Dodge: Dodged            |    32 |    49 ||    81

Table legend: (Time is in decaauts)
 A = Elapsed time spent in this place.
 B = Non-inter-level travel time spent in this place.
 C = Inter-level travel time spent in this place.
 D = Time resting spent in this place.
 E = Time spent auto-exploring this place.
 F = Levels seen in this place.
 G = Mean time per level.
                   A        B        C        D        E       F      G
               +--------+--------+--------+--------+--------+-----+--------+
         Total |   4128 |   3885 |    243 |    204 |   3088 |   4 | 1032.0 |
       Dungeon |   4128 |   3885 |    243 |    204 |   3088 |   4 | 1032.0 |
               +--------+--------+--------+--------+--------+-----+--------+

Top non-repeatable levels by time:
     D:3: 1828 daAuts
     D:1: 933 daAuts
     D:2: 791 daAuts
     D:4: 574 daAuts
